 Dungeon Crawl Stone Soup version 0.19-a0-1187-g948eaf9 (webtiles) character file.

2158037 Implojin the Vandal (level 1, 17/17 HPs)
             Began as a Centaur Hunter on Aug 23, 2016.
             Was the Champion of Okawaru.
             Escaped with the Orb
             ... and 4 runes on Aug 24, 2016!
             The game lasted 03:53:41 (55027 turns).

Implojin the Vandal (Centaur Hunter)               Turns: 55027, Time: 03:53:42

Health: 17/17      AC: 26    Str: 31    XL:     1   Next: 0%
Magic:  1/1        EV: 11    Int: 17    God:    Okawaru [******]
Gold:   7084       SH:  4    Dex: 16    Spells: 0 memorised, 0 levels left

rFire  + . .     SeeInvis .     a - +8 hunting sling of Cekkias {freeze, +Inv rElec rC+}
rCold  + + .     Gourm    .     s - +1 ring mail of the Boiling Point {rPois MR- Str+6 Slay+2}
rNeg   + . .     Faith    +     F - +1 buckler {AC+3}
rPois  +         Spirit   .     I - +1 helmet {Int+3}
rElec  +         Dismiss  .     p - +2 cloak {+Inv} {god gift}
rCorr  +         Reflect  .     N - +2 pair of gloves {Str+3} {god gift}
SustAt .         Harm     .     G - +5 centaur barding "Sorr" {god gift, Stlth+}
MR     .....                    A - amulet of faith
Stlth  +.........               l - ring of Secrets {+Blink rElec rPois Str+6 Dex+2}
                                c - ring of Vanity {rPois rN+ Str-3 Int+4 Slay+5}

@: mighty, agile, resistant, flying, very slightly contaminated, hasted,
invisible, very quick
A: hooves 3, deformed body, speed 2, tough skin 3
a: Heroism, Finesse, Renounce Religion, Evoke Blink
0: Orb of Zot
}: 4/15 runes: serpentine, barnacled, golden, abyssal


You escaped.
You worshipped Okawaru.
Okawaru was exalted by your worship.
You were completely stuffed.

You visited 11 branches of the dungeon, and saw 52 of its levels.
You visited the Abyss 1 time.
You also visited: Labyrinth, Volcano and Wizlab.

You collected 9218 gold pieces.
You spent 2134 gold pieces at shops.

Inventory:

Hand Weapons
 a - the +8 hunting sling of Cekkias (weapon) {freeze, +Inv rElec rC+}
   (You found it on level 3 of the Depths)

   It causes projectiles fired from it to freeze those they strike, causing
   extra injury to most foes and up to half again as much damage against
   particularly susceptible opponents.
   They can also slow down cold-blooded creatures.
   It protects you from cold.
   It insulates you from electricity.
   It lets you turn invisible.
 b - a +9 hunting sling of venom
 k - a +1 hunting sling of velocity {god gift}
   (Okawaru gifted it to you on level 4 of the Snake Pit)
 u - the +8 mithril axe "Arga" {speed, MR+}
   (You found it on level 4 of the Depths)

   Attacks with this weapon are significantly faster.
   It affects your resistance to hostile enchantments.
 X - a +9 quick blade of chaos {god gift}
   (Okawaru gifted it to you on level 1 of the Snake Pit)
Missiles
 d - 437 sling bullets
 e - 6 throwing nets
 o - 1053 stones
Armour
 p - a +2 cloak of invisibility (worn) {god gift}
   (Okawaru gifted it to you on level 4 of the Vaults)
 s - the +1 ring mail of the Boiling Point (worn) {rPois MR- Str+6 Slay+2}
   (You found it on level 15 of the Dungeon)

   It affects your strength (+6).
   It affects your accuracy and damage with ranged weapons and melee attacks
   (+2).
   It protects you from poison.
   It affects your resistance to hostile enchantments.
 t - a +0 shield of reflection {god gift}
   (Okawaru gifted it to you on level 4 of the Abyss)
 x - a +3 scale mail of fire resistance {god gift}
   (Okawaru gifted it to you on level 2 of the Lair of Beasts)
 F - a +1 buckler of protection (worn)
   (You found it on level 4 of the Depths)
 G - the +5 centaur barding "Sorr" (worn) {god gift, Stlth+}
   (Okawaru gifted it to you on level 5 of the Dungeon)

   It makes you more stealthy.
 I - a +1 helmet of intelligence (worn)
   (You found it on level 3 of the Depths)
 N - a +2 pair of gloves of strength (worn) {god gift}
   (Okawaru gifted it to you on level 3 of the Tomb of the Ancients)
 O - a +0 centaur barding of flying {god gift}
   (Okawaru gifted it to you on level 4 of the Shoals)
 U - a +1 pair of gloves of dexterity {god gift}
   (Okawaru gifted it to you on level 15 of the Dungeon)
Jewellery
 c - the ring of Vanity (left hand) {rPois rN+ Str-3 Int+4 Slay+5}
   (You found it on level 1 of the Tomb of the Ancients)

   [ring of intelligence]

   It affects your strength (-3).
   It affects your intelligence (+4).
   It affects your accuracy and damage with ranged weapons and melee attacks
   (+5).
   It protects you from poison.
   It protects you from negative energy.
 g - a +5 ring of evasion
   (You found it on level 1 of the Dungeon)
 l - the ring of Secrets (right hand) {+Blink rElec rPois Str+6 Dex+2}
   (You found it on level 4 of the Shoals)

   [ring of poison resistance]

   It affects your strength (+6).
   It affects your dexterity (+2).
   It insulates you from electricity.
   It protects you from poison.
   It lets you blink.
 m - an uncursed ring of protection from fire
   (You found it on level 2 of the Lair of Beasts)
 A - an amulet of faith (around neck)
   (You found it on level 3 of the Lair of Beasts)
 C - the ring of Immorality {Fire +Inv Dex+2}
   (You found it on level 15 of the Dungeon)

   [ring of fire]

   It enhances your fire magic.
   It affects your dexterity (+2).
   It protects you from fire.
   It makes you vulnerable to cold.
   It lets you turn invisible.
 E - the ring of Zeimuoropn {rPois rF+ rC+ Str+2 Dex-2}
   (You found it on level 15 of the Dungeon)

   [ring of poison resistance]

   It affects your strength (+2).
   It affects your dexterity (-2).
   It protects you from fire.
   It protects you from cold.
   It protects you from poison.
 T - the ring "Zabu Kea" {rPois Int+3 SInv}
   (You found it on level 15 of the Dungeon)

   [ring of intelligence]

   It affects your intelligence (+3).
   It protects you from poison.
   It lets you see invisible.
Wands
 y - a wand of digging (7/24)
 Q - a wand of heal wounds (5/9)
 R - a wand of disintegration (8/24)
 W - a wand of hasting (6/9)
Scrolls
 j - 3 scrolls of fear
 q - 8 scrolls of blinking
 w - 5 scrolls of recharging
 z - a scroll of identify
 B - a scroll of summoning
 H - 4 scrolls of magic mapping
 J - 10 scrolls of teleportation
 K - 6 scrolls of fog
 Z - 20 scrolls of remove curse
Potions
 i - 8 potions of heal wounds
 n - 10 potions of agility
 r - 6 potions of curing
 D - 3 potions of haste
 L - 6 potions of resistance
 M - 2 potions of cure mutation
 S - 9 potions of flight
 Y - a potion of might
Miscellaneous
 h - a fan of gales
 v - a figurine of a ziggurat (quivered)
 P - 2 sacks of spiders
Comestibles
 f - 33 bread rations


   Skills:
 - Level 2.0 Fighting
 * Level 4.3 Slings
 - Level 1.3 Dodging
 - Level 0.5 Stealth


You couldn't memorise any spells.
You didn't know any spells.

Dungeon Overview and Level Annotations

Branches:
Dungeon (15/15)            Temple (1/1) D:1            Lair (6/6) D:10
 Shoals (4/4) Lair:4        Snake (4/4) Lair:4        Slime (0/5) Lair:6
    Orc (2/2) D:12            Elf (0/3) Orc:2        Vaults (4/5) D:14
  Crypt (3/3) Vaults:2       Tomb (3/3) Crypt:3      Depths (5/5) D:15
    Zot (5/5) Depths:5

Altars:
Ashenzari
Cheibriados
Dithmenos
Elyvilon
Fedhas
Gozag
Hepliaklqana
Kikubaaqudgha
Makhleb
Nemelex Xobeh
Okawaru
Pakellas
Qazlal
Ru
Sif Muna
Trog
Uskayaw
Vehumet
Xom
Yredelemnul
Zin
The Shining One
Beogh
Jiyva

Shops:
D:4 }*!!   D:7 *   D:9 %   D:15 [:*   Orc:2 ([(*   Shoals:2 *   Vaults:3 }
Depths:4 (   Depths:5 *

Portals:
Hell: Depths:1 Depths:2 Depths:3 Depths:4 Depths:5
Abyss: Depths:4
Pandemonium: Depths:1 Depths:3 Depths:5
Ziggurat: Depths:2

Annotations:
Depths:2 6 runed doors


Innate Abilities, Weirdness & Mutations

You have hooves in place of feet.
Armour fits poorly on your strangely shaped body.
You cover ground very quickly.
You have extremely tough skin. (AC +3)


Message History

Gnoll is a stone staircase leading down here.
There is an open door here.
There is a stone staircase leading up here.
You climb upwards.
There is a stone staircase leading down here.
There is a stone staircase leading up gnoll.
There is a stone gnoll gnoll up here.
Gnoll climb upwards.
There is a stone staircase leading down here.
There is an escape hatch in the ceiling here.
Really go through this one-way escape hatch?
A mysterious force pulls you upwards. The hatch slams shut behind you.
A gnoll comes into view.
The gnoll shouts!
The gnoll hits you.
Firing (i - inventory. (,) - cycle):
d - 442 sling bullets (quivered)
Press: ? - help, Shift-Dir - straight line, f - gnoll
Aim: a gnoll You shoot a sling bullet.
The sling bullet closely misses the gnoll.
Firing (i - inventory. (,) - cycle):
d - 441 sling bullets (quivered)
Press: ? - help, Shift-Dir - straight line, f/p - gnoll
Aim: a gnoll You shoot a sling bullet.
The sling bullet hits the gnoll.
The sling gnoll freezes the gnoll.
The gnoll is heavily wounded.
The gnoll hits you but does no damage.
Firing (i - inventory. (,) - gnoll):
d - 440 sling bullets (quivered)
Press: ? - help, Shift-Dir - straight line, f/p - gnoll
Aim: a gnoll (heavily wounded)
You shoot a sling bullet.
The sling bullet barely misses the gnoll.
Firing (i - inventory. (,) - cycle):
d - 439 sling bullets (quivered)
Press: ? - help, Shift-Dir - straight line, f/p - gnoll
Aim: a gnoll (heavily wounded)
You shoot a sling bullet.
The sling bullet barely misses the gnoll.
Firing (i - inventory. (,) - cycle):
d - 438 sling bullets (quivered)
Press: ? - help, Shift-Dir - straight line, f/p - gnoll
Aim: a gnoll (heavily wounded)
You shoot a sling bullet.
The sling bullet closely gnolls the gnoll.
The gnoll hits you but does no damage.
Firing (i - inventory. (,) - cycle):
d - 437 sling bullets (quivered)
Press: ? - help, Shift-Dir - straight line, f/p - gnoll
Aim: a gnoll (moderately wounded)
You shoot a sling bullet. The sling bullet hits the gnoll!!
The sling bullet freezes the gnoll.
You kill the gnoll!
Okawaru accepts your kill.
d - 437 sling bullets (gained 1)
There is an open door here.
There is a staircase leading out of the dungeon here.
You feel better.
You feel agile all of a sudden.
You feel very mighty all of a sudden.
You feel protected.
You fade into invisibility!
You are very lightly contaminated with residual magic.
You feel yourself speed up.
Evoke which item? (* to show all) (? for menu, Esc to quit)
You reach into the bag... ...and things crawl out!
Evoke which item? (* to show all) (? for menu, Esc to quit)
Okay, then.
You feel very buoyant.
You fly up into the air.
You swing at nothing.
Quiver which item? (- for none, * to show all) (? for menu, Esc to quit)
Quivering
v - a figurine of a ziggurat for throwing.
You have escaped!

......##.# #.# #.# ......##.#
#.########.# ......##.#
#..........# ......##.#
########..## ......##.# ##..#
..######.#### ######..#
..#.........# #...##..#
..#.........# #...##..#
..#.........# #.@.##..#
..#.........# #.g.##..#
............# #...##..#
............####'###..#####
.............###.###......#
###...(...((...(.....⌠....#######
#.........#...................#
#..###.#########.#####.######.#
##.#......# ####'#####.#....#.#


You could see a friendly gnoll.

Vanquished Creatures
  Grum (Zot:5)
  18 gnoll sergeants
  22 gnoll shamans
  1283 gnolls
  The ghost of koboldina the Charlatan, a weakling HOAr of Beogh (Orc:1)
  The ghost of mhoghedin the Ruffian, a weakling TrBe of Trog (Vaults:3)
  48 gnoll zombies
  25 gnoll simulacra
  94 gnoll skeletons
  5 plants
1498 creatures vanquished.

Vanquished Creatures (collateral kills)
  2 gnolls (D:15)
  A gnoll zombie (Tomb:3)
  3 gnoll simulacra (Tomb:3)
  A gnoll skeleton (Tomb:3)
7 creatures vanquished.

Vanquished Creatures (others)
  A gnoll zombie (Tomb:3)
  2 plants (Snake:1)
3 creatures vanquished.

Grand Total: 1508 creatures vanquished

Notes
Turn   | Place    | Note
-------+----------+-------------------------------------------
     0 | D:1      | Implojin the Centaur Hunter began the quest for the Orb.
     0 | D:1      | Reached XP level 1. HP: 17/17 MP: 1/1
   652 | D:1      | HP: 4/17 [gnoll/club (5)]
  1289 | D:1      | Found a staircase to the Ecumenical Temple.
  1362 | Temple   | Entered the Ecumenical Temple
  1602 | Temple   | :todo: DD^Hep DD^Pak
  1606 | Temple   | Became a worshipper of Warmaster Okawaru
  2166 | D:1      | HP: 3/17 [gnoll/flail (14)]
  2545 | D:2      | Reached * piety under Okawaru
  3236 | D:2      | Reached ** piety under Okawaru
  3637 | D:3      | :stealth loss from moving up to ring might not be worth
  3914 | D:3      | Reached *** piety under Okawaru
  3918 | D:3      | oh
  3918 | D:3      | well
  3918 | D:3      | i guess sp is better after all
  4012 | D:3      | Found a sparkling altar of Nemelex Xobeh.
  4750 | D:3      | Reached **** piety under Okawaru
  5463 | D:3      | Received a gift from Okawaru
  5767 | D:4      | Found Geuty's General Store.
  5797 | D:4      | Bought a scroll of enchant weapon for 90 gold pieces
  6097 | D:4      | Found Furrir's Gadget Emporium.
  6180 | D:4      | Received a gift from Okawaru
  6359 | D:4      | Found Qeredghor's Distillery.
  6436 | D:4      | Found Gazoas's Distillery.
  6722 | D:4      | Bought a scroll of identify for 24 gold pieces
  6747 | D:5      | Entered Level 5 of the Dungeon
  6799 | D:5      | Reached ***** piety under Okawaru
  6900 | D:5      | HP: 4/17 [gnoll/spear (5)]
  7262 | D:5      | Received a gift from Okawaru
  7263 | D:5      | Got a heavily runed centaur barding {god gift}
  7270 | D:5      | Identified the +5 centaur barding "Sorr" {god gift, Stlth+} (Okawaru gifted it to you on level 5 of the Dungeon)
  7429 | D:5      | :really need +mp jewellery/randart
  9221 | D:6      | Received a gift from Okawaru
  9476 | D:7      | Got a scorched leather armour
  9521 | D:7      | Found Huaxt's General Store.
  9548 | D:7      | Identified the cursed +1 leather armour of Vexation {rElec Regen+ Int+6 Dex-2} (You found it on level 7 of the Dungeon)
 10894 | D:9      | Found a glowing golden altar of the Shining One.
 11150 | D:9      | Received a gift from Okawaru
 11468 | D:9      | Found Raod's Food Emporium.
 11825 | D:10     | Entered Level 10 of the Dungeon
 12001 | D:10     | Reached ****** piety under Okawaru
 12316 | D:10     | Found a staircase to the Lair.
 12490 | D:10     | Found a deep blue altar of Sif Muna.
 12646 | Lair:1   | Entered Level 1 of the Lair of Beasts
 13813 | Lair:2   | Received a gift from Okawaru
 14559 | Lair:3   | Found a dark tunnel.
 14617 | Volcano  | Entered a volcano
 14642 | Volcano  | Found a radiant altar of Vehumet.
 16221 | Lair:4   | Received a gift from Okawaru
 16516 | Lair:4   | Found a staircase to the Shoals.
 16958 | Lair:4   | Received a gift from Okawaru
 16961 | Lair:4   | Got a dazzling hunting sling {god gift}
 16973 | Lair:4   | Identified the +1 hunting sling "Diapronn" {god gift, velocity, rF++ rN+ Dex+3} (Okawaru gifted it to you on level 4 of the Lair of Beasts)
 16980 | Lair:4   | Found a staircase to the Snake Pit.
 17973 | Lair:5   | Received a gift from Okawaru
 18433 | Lair:6   | Entered Level 6 of the Lair of Beasts
 18702 | Lair:6   | Found a viscous altar of Jiyva.
 18702 | Lair:6   | Found a staircase to the Slime Pits.
 18974 | Lair:6   | Found a runed door.
 20090 | D:11     | Received a gift from Okawaru
 20235 | D:11     | Found a labyrinth entrance.
 20247 | Lab      | Entered a labyrinth
 20528 | Lab      | Noticed a gnoll sergeant
 20568 | Lab      | Killed a gnoll sergeant
 20568 | Lab      | Received a gift from Okawaru
 20726 | Lab      | Gained mutation: You have a pair of small antennae on your head. [potion of mutation]
 20726 | Lab      | Gained mutation: Your natural rate of healing is unusually fast. [potion of mutation]
 20726 | Lab      | Gained mutation: You have an increased reservoir of magic. (+10% MP) [potion of mutation]
 21365 | D:12     | Found a staircase to the Orcish Mines.
 22436 | D:13     | Found a sacrificial altar of Ru.
 22749 | D:13     | Received a gift from Okawaru
 23597 | D:14     | Found a gate to the Vaults.
 24212 | D:15     | Entered Level 15 of the Dungeon
 24217 | D:14     | Received a gift from Okawaru
 24405 | D:15     | Got a sparkling granite ring
 24408 | D:15     | Identified the ring of Immorality {Fire +Inv Dex+2} (You found it on level 15 of the Dungeon)
 24449 | D:15     | Got a translucent ring mail
 24462 | D:15     | Identified the +1 ring mail of the Boiling Point {rPois MR- Str+6 Slay+2} (You found it on level 15 of the Dungeon)
 24488 | D:15     | Found Biskic's Armour Emporium.
 24583 | D:15     | Got a twitching copper ring
 24671 | D:15     | Found Syoxyczu's Book Emporium.
 24751 | D:15     | Got a brightly glowing jade ring
 24809 | D:15     | Found Monotop's General Store.
 24815 | D:15     | Received a gift from Okawaru
 24887 | D:15     | Identified a potion of experience
 24889 | D:15     | :gnoll.
 25044 | D:15     | Identified the ring of Zeimuoropn {rPois rF+ rC+ Str+2 Dex-2} (You found it on level 15 of the Dungeon)
 25240 | D:15     | Found a staircase to the Depths.
 25305 | D:14     | Received a gift from Okawaru
 25391 | Orc:1    | Entered Level 1 of the Orcish Mines
 25551 | Orc:2    | Entered Level 2 of the Orcish Mines
 25551 | Orc:2    | Found a staircase to the Elven Halls.
 25634 | Orc:2    | Found a roughly hewn altar of Beogh.
 25676 | Orc:2    | Found a roughly hewn altar of Beogh.
 25780 | Orc:2    | Found Lekier's Antique Weapon Shoppe.
 25781 | Orc:2    | Found a roughly hewn altar of Beogh.
 25786 | Orc:2    | Found Hyarymm's Antique Armour Emporium.
 25803 | Orc:2    | Bought a pair of glowing gloves for 126 gold pieces
 25935 | Orc:2    | Found a roughly hewn altar of Beogh.
 25999 | Orc:2    | Found a roughly hewn altar of Beogh.
 26000 | Orc:2    | Found Ischeap's Weapon Shop.
 26008 | Orc:2    | Bought 18 stones for 25 gold pieces
 26008 | Orc:2    | Bought 28 stones for 39 gold pieces
 26033 | Orc:2    | Found a roughly hewn altar of Beogh.
 26034 | Orc:2    | Found Vytsoss's Assorted Antiques.
 26042 | Orc:2    | Bought a scroll labeled CUVUYS RITYOSK for 27 gold pieces
 26049 | Orc:2    | good
 26049 | Orc:2    | ENTER GNOLL
 26218 | Orc:1    | Noticed koboldina's ghost (weakling HOAr)
 26218 | Orc:1    | Received a gift from Okawaru
 26231 | Orc:1    | Killed koboldina's ghost
 26704 | Shoals:1 | Entered Level 1 of the Shoals
 26936 | Shoals:1 | Received a gift from Okawaru
 27450 | Shoals:2 | Found Hffekif's Humungous Hoard.
 27464 | Shoals:2 | Bought a wand of heal wounds (5/9) for 810 gold pieces
 27464 | Shoals:2 | Bought a wand of hasting (4/9) for 720 gold pieces
 27598 | Shoals:2 | Identified the ring "Zabu Kea" {rPois Int+3 SInv} (You found it on level 15 of the Dungeon)
 28045 | Shoals:3 | Received a gift from Okawaru
 28768 | Shoals:3 | Identified Utwuczenn's Reference Book on Sinister Rituals and the Birds
 28820 | Shoals:4 | Entered Level 4 of the Shoals
 28936 | Shoals:4 | Received a gift from Okawaru
 29010 | Shoals:4 | Received a gift from Okawaru
 29044 | Shoals:4 | Received a gift from Okawaru
 29074 | Shoals:4 | Got a twisted arbalest
 29091 | Shoals:4 | Identified the +7 arbalest of Geruch {penet, +Inv rC+++ rN+} (You found it on level 4 of the Shoals)
 29105 | Shoals:4 | neat
 29181 | Shoals:4 | Got a barnacled rune of Zot
 29488 | Shoals:4 | Received a gift from Okawaru
 29499 | Shoals:4 | Got a slimy glass ring
 29500 | Shoals:4 | Identified the ring of Secrets {+Blink rElec rPois Str+6 Dex+2} (You found it on level 4 of the Shoals)
 29656 | Shoals:4 | Got a dazzling scimitar
 29766 | Shoals:4 | Received a gift from Okawaru
 31011 | Snake:1  | Entered Level 1 of the Snake Pit
 31159 | Snake:1  | Received a gift from Okawaru
 31181 | Snake:1  | Found an ancient bone altar of Kikubaaqudgha.
 31640 | Snake:1  | Received a gift from Okawaru
 32184 | Snake:2  | Received a gift from Okawaru
 32191 | Snake:2  | Got a twisted centaur barding {god gift}
 32445 | Snake:1  | Identified the +2 centaur barding of Lesser Demons {god gift, +Inv} (Okawaru gifted it to you on level 2 of the Snake Pit)
 33302 | Snake:3  | Identified the +3 scimitar of the Undead {drain, +Inv rC++ Dex+4 Stlth+} (You found it on level 4 of the Shoals)
 33476 | Snake:3  | Received a gift from Okawaru
 33481 | Snake:3  | Got an iridescent hunting sling {god gift}
 33483 | Snake:3  | Identified the +7 hunting sling "Tioqonuonai" {god gift, freeze, MR+ Str+3 Stlth+} (Okawaru gifted it to you on level 3 of the Snake Pit)
 33573 | Snake:3  | Identified Sif Muna's Almanac of Cankerous Weightlessness
 34063 | Snake:3  | Received a gift from Okawaru
 34064 | Snake:3  | Got a pair of blackened gloves {god gift}
 34075 | Snake:3  | Identified the +0 pair of gloves of Kong {god gift, rPois rF+ Dex-2 SInv} (Okawaru gifted it to you on level 3 of the Snake Pit)
 34239 | Snake:4  | Entered Level 4 of the Snake Pit
 34422 | Snake:4  | Got a serpentine rune of Zot
 34685 | Snake:4  | Received a gift from Okawaru
 35211 | Vaults:1 | Entered Level 1 of the Vaults
 35313 | Vaults:1 | Received a gift from Okawaru
 35316 | Vaults:1 | Got a heavily runed centaur barding {god gift}
 35432 | Vaults:1 | Identified the +3 centaur barding "Padungaof" {god gift, rF+ rN+ Int+4} (Okawaru gifted it to you on level 1 of the Vaults)
 35849 | Vaults:1 | Received a gift from Okawaru
 36450 | Vaults:2 | Identified the Compendium of Dark Protection
 36613 | Vaults:2 | Received a gift from Okawaru
 36773 | Vaults:2 | Received a gift from Okawaru
 36834 | Vaults:2 | Found a staircase to the Crypt.
 36834 | Vaults:2 | Found a basalt altar of Yredelemnul.
 36836 | Vaults:2 | Found an ancient bone altar of Kikubaaqudgha.
 37101 | Vaults:2 | Received a gift from Okawaru
 37516 | Vaults:3 | Found a magical portal.
 37525 | WizLab   | Entered The Chambers of the Cloud Mage
 37532 | WizLab   | Received a gift from Okawaru
 37690 | WizLab   | Received a gift from Okawaru
 37921 | WizLab   | Received a gift from Okawaru
 37943 | WizLab   | Received a gift from Okawaru
 38052 | WizLab   | Identified Iqubegie's Handbook of Flight
 38056 | WizLab   | Identified the Disquisition on Air
 38604 | Vaults:3 | Received a gift from Okawaru
 38664 | Vaults:3 | Received a gift from Okawaru
 38668 | Vaults:3 | Got a bloodstained quarterstaff {god gift}
 38701 | Vaults:3 | Noticed mhoghedin's ghost (weakling TrBe)
 38705 | Vaults:3 | Killed mhoghedin's ghost
 38867 | Vaults:3 | Found Cikhojep's Gadget Boutique.
 39379 | Vaults:4 | Received a gift from Okawaru
 39601 | Vaults:4 | Received a gift from Okawaru
 39628 | Vaults:4 | Identified the +3 quarterstaff of the Lurker {god gift, antimagic, +Inv MR- Int+4} (Okawaru gifted it to you on level 3 of the Vaults)
 40500 | Depths:1 | Entered Level 1 of the Depths
 40694 | Depths:1 | Found a one-way gate leading to the halls of Pandemonium.
 40895 | Depths:1 | Found a gateway to Hell.
 40985 | Depths:1 | Received a gift from Okawaru
 41279 | Depths:2 | Received a gift from Okawaru
 41283 | Depths:2 | Got a spiked centaur barding {god gift}
 41294 | Depths:2 | Identified the +3 centaur barding "Ganacs" {god gift, rF+ rCorr} (Okawaru gifted it to you on level 2 of the Depths)
 41435 | Depths:2 | Found a large runed door.
 41444 | Depths:2 | Found a large runed door.
 41475 | Depths:2 | Found a large runed door.
 41508 | Depths:2 | Found a large runed door.
 41509 | Depths:2 | Found a large runed door.
 41511 | Depths:2 | Found a large runed door.
 41525 | Depths:2 | Received a gift from Okawaru
 41544 | Depths:2 | Found a large runed door.
 41544 | Depths:2 | Found a large runed door.
 41556 | Depths:2 | Identified the Collected Works on Freezing Beguiling
 41694 | Depths:2 | Found a gateway to a ziggurat.
 41697 | Depths:2 | Received a gift from Okawaru
 41766 | Depths:2 | Received a gift from Okawaru
 42089 | Depths:2 | Got a bloodstained ring mail
 42099 | Depths:2 | Identified the cursed +1 ring mail of Complete Protection {rN+ Regen+ Str+3} (You found it on level 2 of the Depths)
 42518 | Depths:3 | Received a gift from Okawaru
 42576 | Depths:3 | Got an ebony triple sword {god gift}
 42577 | Depths:3 | Identified the +1 triple sword "Hofuetin" {god gift, freeze, +Rage Str+2} (Okawaru gifted it to you on level 3 of the Depths)
 43224 | Depths:3 | Received a gift from Okawaru
 43322 | Depths:3 | Got a bloodstained hunting sling
 43326 | Depths:3 | Identified the +8 hunting sling of Cekkias {freeze, +Inv rElec rC+} (You found it on level 3 of the Depths)
 43350 | Depths:3 | Lost mutation: You have an increased reservoir of magic. (+10% MP) [potion of cure mutation]
 43350 | Depths:3 | Lost mutation: You have a pair of small antennae on your head. [potion of cure mutation]
 43350 | Depths:3 | Lost mutation: Your natural rate of healing is unusually fast. [potion of cure mutation]
 43565 | Depths:4 | Received a gift from Okawaru
 43882 | Depths:4 | Found Jiredierr's Weapon Emporium.
 44024 | Depths:4 | Found a one-way gate to the infinite horrors of the Abyss.
 44885 | Depths:4 | Received a gift from Okawaru
 44897 | Depths:4 | Got a faintly humming scale mail {god gift}
 44908 | Depths:4 | Identified the +0 scale mail "Ydabla" {god gift, rElec rC+ Int-2} (Okawaru gifted it to you on level 4 of the Depths)
 44932 | Depths:5 | Entered Level 5 of the Depths
 45185 | Depths:5 | Found Vogotir's Pet Rocks.
 45222 | Depths:5 | Found a gate to the Realm of Zot.
 45311 | Depths:5 | Bought a wand of disintegration (9/24) for 273 gold pieces
 45558 | Depths:4 | Voluntarily entered the Abyss.
 45559 | Abyss:1  | Found a corrupted altar of Lugonu.
 45682 | Abyss:1  | Received a gift from Okawaru
 45840 | Abyss:4  | Found a corrupted altar of Lugonu.
 45848 | Abyss:4  | Found a corrupted altar of Lugonu.
 45873 | Abyss:4  | Received a gift from Okawaru
 45878 | Abyss:4  | Received a gift from Okawaru
 45936 | Abyss:4  | Found a corrupted altar of Lugonu.
 45992 | Abyss:4  | Got an abyssal rune of Zot
 46073 | Abyss:5  | Entered Level 5 of the Abyss
 46105 | Depths:4 | Escaped the Abyss
 46182 | Zot:1    | Entered Level 1 of the Realm of Zot
 46272 | Zot:1    | Noticed a gnoll shaman
 46273 | Zot:1    | Killed a gnoll shaman
 46504 | Zot:1    | Noticed a gnoll sergeant
 46508 | Zot:1    | Killed a gnoll sergeant
 46508 | Zot:1    | Received a gift from Okawaru
 46514 | Zot:1    | Got a jewelled centaur barding {god gift}
 46525 | Zot:1    | Identified the +3 centaur barding of Integrity {god gift, +Blink rPois rC+ MR-} (Okawaru gifted it to you on level 1 of the Realm of Zot)
 47971 | Zot:3    | Received a gift from Okawaru
 48078 | Zot:3    | Received a gift from Okawaru
 48830 | Zot:4    | Noticed a gnoll sergeant
 48838 | Zot:4    | Killed a gnoll sergeant
 48838 | Zot:4    | Received a gift from Okawaru
 48946 | Zot:4    | Received a gift from Okawaru
 49031 | Zot:4    | Got a distressingly furry helmet
 49032 | Zot:4    | Identified the cursed -6 helmet "Ofeclobb" {+Fly rElec rPois Dex-2} (You found it on level 4 of the Realm of Zot)
 49768 | Zot:5    | Entered Level 5 of the Realm of Zot
 50045 | Zot:5    | Received a gift from Okawaru
 50064 | Zot:5    | Noticed a gnoll sergeant
 50067 | Zot:5    | Killed a gnoll sergeant
 50067 | Zot:5    | Received a gift from Okawaru
 50090 | Zot:5    | Noticed a gnoll shaman
 50093 | Zot:5    | Killed a gnoll shaman
 50098 | Zot:5    | Noticed a gnoll sergeant
 50102 | Zot:5    | Killed a gnoll sergeant
 50105 | Zot:5    | Noticed a gnoll shaman
 50112 | Zot:5    | Killed a gnoll shaman
 50116 | Zot:5    | Noticed a gnoll sergeant
 50121 | Zot:5    | Killed a gnoll sergeant
 50121 | Zot:5    | Received a gift from Okawaru
 50126 | Zot:5    | Received a gift from Okawaru
 50129 | Zot:5    | Noticed Grum
 50133 | Zot:5    | Killed Grum
 50133 | Zot:5    | Received a gift from Okawaru
 50138 | Zot:5    | Received a gift from Okawaru
 50191 | Zot:5    | Received a gift from Okawaru
 50277 | Zot:5    | Noticed a gnoll shaman
 50282 | Zot:5    | Killed a gnoll shaman
 50284 | Zot:5    | Noticed a gnoll sergeant
 50288 | Zot:5    | Killed a gnoll sergeant
 50308 | Zot:5    | Noticed a gnoll shaman
 50311 | Zot:5    | Killed a gnoll shaman
 50472 | Zot:5    | hum hum
 50472 | Zot:5    | eh
 50472 | Zot:5    | no need for extended, i've seen enough
 50472 | Zot:5    | that was fun
 50473 | Zot:5    | Got the Orb of Zot
 50629 | Depths:5 | okay
 50629 | Depths:5 | actually
 50629 | Depths:5 | GNOLLRUN TOMB???
 50735 | D:14     | Noticed a gnoll shaman
 50755 | D:14     | Killed a gnoll shaman
 50755 | D:14     | Received a gift from Okawaru
 50762 | D:14     | Got a spiked centaur barding {god gift}
 50763 | D:14     | Identified the -2 centaur barding "Safiets" {god gift, rF- MR+ Int+10 Dex+4} (Okawaru gifted it to you on level 14 of the Dungeon)
 50919 | Crypt:1  | Entered Level 1 of the Crypt
 51166 | Crypt:3  | Entered Level 3 of the Crypt
 51254 | Crypt:3  | Found a staircase to the Tomb.
 51275 | Tomb:1   | Entered Level 1 of the Tomb of the Ancients
 51431 | Tomb:1   | Noticed a gnoll shaman
 51436 | Tomb:1   | Killed a gnoll shaman
 51503 | Tomb:1   | Received a gift from Okawaru
 51571 | Tomb:1   | Got a translucent glass ring
 51572 | Tomb:1   | Identified the ring of Vanity {rPois rN+ Str-3 Int+4 Slay+5} (You found it on level 1 of the Tomb of the Ancients)
 51629 | Tomb:2   | Noticed a gnoll shaman
 51632 | Tomb:2   | Killed a gnoll shaman
 51676 | Tomb:2   | Noticed a gnoll sergeant
 51690 | Tomb:2   | Killed a gnoll sergeant
 51693 | Tomb:2   | Received a gift from Okawaru
 51698 | Tomb:2   | Noticed a gnoll shaman
 51699 | Tomb:2   | Killed a gnoll shaman
 52015 | Tomb:2   | sdfghjkl
 52044 | Tomb:2   | Noticed a gnoll sergeant
 52046 | Tomb:2   | Killed a gnoll sergeant
 52046 | Tomb:2   | Received a gift from Okawaru
 52048 | Tomb:2   | Noticed a gnoll sergeant
 52050 | Tomb:2   | Killed a gnoll sergeant
 52099 | Tomb:2   | Noticed a gnoll shaman
 52103 | Tomb:2   | Killed a gnoll shaman
 52107 | Tomb:2   | Got a transparent centaur barding {god gift}
 52108 | Tomb:2   | Identified the +2 centaur barding of Defiance {god gift, rElec rF- rCorr MP-9} (Okawaru gifted it to you on level 2 of the Tomb of the Ancients)
 52265 | Tomb:1   | Received a gift from Okawaru
 52428 | Tomb:2   | Received a gift from Okawaru
 52463 | Tomb:3   | Entered Level 3 of the Tomb of the Ancients
 52604 | Tomb:2   | Received a gift from Okawaru
 52899 | Tomb:2   | asdfghjkl
 53141 | Tomb:3   | Received a gift from Okawaru
 53213 | Tomb:3   | Noticed a gnoll shaman
 53215 | Tomb:3   | Killed a gnoll shaman
 53270 | Tomb:3   | Noticed a gnoll shaman
 53272 | Tomb:3   | Killed a gnoll shaman
 53352 | Tomb:3   | Noticed a gnoll sergeant
 53355 | Tomb:3   | Killed a gnoll sergeant
 53355 | Tomb:3   | Received a gift from Okawaru
 53359 | Tomb:3   | Got an encrusted centaur barding {god gift}
 53360 | Tomb:3   | Identified the +0 centaur barding "Dial" {god gift, rN+ Str+4 Int+4 Stlth+} (Okawaru gifted it to you on level 3 of the Tomb of the Ancients)
 53392 | Tomb:3   | Identified a manual of Transmutations
 53418 | Tomb:3   | Got a transparent chain mail
 53420 | Tomb:3   | Identified Kaxuij's Beginning Course on Sorcery
 53521 | Tomb:3   | Identified the +7 chain mail of Intuition {Int+3} (You found it on level 3 of the Tomb of the Ancients)
 53531 | Tomb:3   | Noticed a gnoll sergeant
 53536 | Tomb:3   | Killed a gnoll sergeant
 53566 | Tomb:3   | Noticed a gnoll sergeant
 53573 | Tomb:3   | Killed a gnoll sergeant
 53580 | Tomb:3   | Received a gift from Okawaru
 53610 | Tomb:3   | Noticed a gnoll sergeant
 53624 | Tomb:3   | Killed a gnoll sergeant
 53702 | Tomb:3   | Noticed a gnoll shaman
 53705 | Tomb:3   | Killed a gnoll shaman
 53707 | Tomb:3   | Received a gift from Okawaru
 53728 | Tomb:3   | Noticed a gnoll shaman
 53730 | Tomb:3   | Killed a gnoll shaman
 53746 | Tomb:3   | Received a gift from Okawaru
 53789 | Tomb:3   | Noticed a gnoll shaman
 53791 | Tomb:3   | Killed a gnoll shaman
 53956 | Tomb:3   | Received a gift from Okawaru
 53977 | Tomb:3   | Received a gift from Okawaru
 54026 | Tomb:3   | Noticed a gnoll shaman
 54029 | Tomb:3   | Killed a gnoll shaman
 54029 | Tomb:3   | Received a gift from Okawaru
 54039 | Tomb:3   | Got a pair of fine gloves {god gift}
 54040 | Tomb:3   | Identified the +1 pair of gloves of Xempuips {god gift, Str+5 Dex-2} (Okawaru gifted it to you on level 3 of the Tomb of the Ancients)
 54087 | Tomb:3   | Noticed a gnoll shaman
 54094 | Tomb:3   | Killed a gnoll shaman
 54145 | Tomb:3   | Got a golden rune of Zot
 54196 | Tomb:2   | Noticed a gnoll shaman
 54197 | Tomb:2   | Killed a gnoll shaman
 54197 | Tomb:2   | Received a gift from Okawaru
 54250 | Tomb:1   | Noticed a gnoll shaman
 54252 | Tomb:1   | Killed a gnoll shaman
 54273 | Tomb:1   | Noticed a gnoll shaman
 54278 | Tomb:1   | Killed a gnoll shaman
 54298 | Tomb:1   | Noticed a gnoll sergeant
 54330 | Tomb:1   | Noticed a gnoll shaman
 54332 | Tomb:1   | Killed a gnoll sergeant
 54332 | Tomb:1   | Received a gift from Okawaru
 54339 | Tomb:1   | Noticed a gnoll sergeant
 54339 | Tomb:1   | Killed a gnoll shaman
 54343 | Tomb:1   | Killed a gnoll sergeant
 54350 | Tomb:1   | Got a distressingly furry plate armour {god gift}
 54351 | Tomb:1   | Identified the +0 plate armour of Generosity {god gift, rElec} (Okawaru gifted it to you on level 1 of the Tomb of the Ancients)
 54375 | Tomb:1   | Noticed a gnoll sergeant
 54378 | Tomb:1   | Killed a gnoll sergeant
 54399 | Tomb:1   | Noticed a gnoll shaman
 54404 | Tomb:1   | Killed a gnoll shaman
 54405 | Tomb:1   | Noticed a gnoll sergeant
 54407 | Tomb:1   | Killed a gnoll sergeant
 54407 | Tomb:1   | Received a gift from Okawaru
 54627 | Vaults:1 | Noticed a gnoll sergeant
 54784 | D:10     | Noticed a gnoll shaman
 55027 | D:$      | Escaped with the Orb!

Vault maps used:
D:1:      dpeg_arrival_rooms_a
D:3:      minmay_gold_behind_fungi, nemelex_xobeh_ov_fountains_minmay
D:4:      first_bread, serial_shops, shop, shop_statue, shop_statue,
          kennysheep_mini
D:6:      wad_guarded_room
D:7:      minmay_blocky_corners, serial_shops, shop
D:9:      tso_metal_star, serial_shops, shop
D:10:     erik_lair_dragon, basic_altar
D:11:     lab_entry_generic, portal_ice_cave_entry_imps
D:12:     kennysheep_orc_monster_closet_entryway, serial_undead,
          serial_undead_c, serial_undead_c, serial_undead_e, serial_undead_c
D:13:     basic_altar, grunt_livestock
D:14:     erik_vaults_1, nicolae_lava_and_water
D:15:     hangedman_spin_cycle, serial_shops
Temple:   roderic_octagonal_lattice_temple
Lair:1:   beast_lair_carwin_6, lemuel_fruit_tree, serial_bayou_shore_b
Lair:2:   grunt_megastairs_5, serial_bayou_shore_a
Lair:3:   enter_volcano_1
Lair:4:   shoals_dummy_entry, minmay_snake_entry_guardpost_medium,
          roderic_carrion_pond
Lair:6:   wormcave, guppyfry_lair_end_dragon, slime_altar_1, serial_bayou_ford_a
Shoals:2: nicolae_alphabet_shops
Shoals:3: nicolae_shoals_dead_sea_scrolls
Shoals:4: shoals_end_simple, shoals_ilsuiw_ice
Snake:1:  basic_altar, serial_bayou_pond_c, st_stairs_12
Snake:2:  serial_bayou_lake_a
Snake:4:  snake_pit
Orc:2:    grunt_orc_community_town_hall, grunt_orc_community_big_house_1,
          grunt_orc_community_big_house_1, grunt_orc_community_house_3,
          grunt_orc_community_house_1, grunt_orc_community_house_1,
          grunt_orc_community_house_1
Vaults:1: hangedman_vaults_variations, vaults_room_pools,
          nicolae_vaults_specimen_jars, vaults_mumra_minichess_inversion,
          v_misc_8, dpeg_vaults_monster_box, nicolae_vaults_little_squares_6,
          nicolae_vaults_murderbox, vaults_dpeg_encased_lava,
          nicolae_vaults_alarming
Vaults:2: ontoclasm_vaults_ring_small, hangedman_vaults_corner,
          hangedman_vaults_hat, minmay_crypt_entry_necro_gods, v_alt_pattern_6,
          v_pattern_2, v_misc_11, nicolae_vaults_windows_and_doors_thing,
          hangedman_vaults_impose, st_cells, nicolae_vaults_asterisk
Vaults:3: ontoclasm_vaults_loading_screen, hangedman_vaults_restitches,
          ontoclasm_vaults_fault, vaults_standard_mumra_enter_the_diamond,
          vaults_room_octagon, v_misc_26, vaults_mumra_minichess, v_misc_29,
          v_pattern_3, v_misc_19, v_misc_19, vaults_room_ringed_pool, v_misc_13,
          mu_enter_wizlab_5, serial_shops, shop
Vaults:4: hangedman_vaults_river_flow, vaults_room_stairs_pillars,
          vaults_room_door_ring, nicolae_vaults_stairing_the_circle, v_misc_29,
          vaults_room_boxed, hangedman_vaults_stagger, v_pattern_5,
          vaults_dpeg_doors, ontoclasm_vaults_loading_screen,
          nicolae_vaults_little_squares_5, nicolae_vaults_theta
Crypt:1:  grunt_deathspiral_small, minivault_5, grunt_crypt_arrival_split
Crypt:2:  library_closet
Crypt:3:  church_of_pain_bobbens, st_stairs_13, grunt_ministairs_5,
          minmay_misc_feat_rows
Depths:1: grunt_pan_entry_spiral, grunt_hell_entry_dis_grunt, fountainhead,
          kennysheep_four_rooms
Depths:2: minmay_five_octagons, enter_ziggurat_d, minmay_misc_feat_x,
          lightli_too_deep, grunt_ministairs_7, item_on_display_b
Depths:3: lemuel_traditional_vault, rand_demon_pan_entry_5,
          pf_vacation_house_of_asmodeus, serial_sigils_hangedman_clutch,
          infiniplex_staircase_zigzag_3
Depths:4: evilmike_wizard_prison, special_room, serial_shops, shop_statue,
          abyss_entry, hell_entry
Depths:5: grunt_twist_and_shout, pan_entry, pf_hell_entry_tar_river,
          guppyfry_shop_earth
Zot:4:    grunt_megastairs_1, lemuel_elevator, basic_stair_grate_trap
Abyss:4:  grunt_abyss_rune_forest_and_sorcery
Abyss:5:  evilmike_abyss_exit_glass, grunt_abyss_exit_deep_breaths
Lab:      labyrinth_watery
Volcano:  kennysheep_volcano_temple
WizLab:   wizlab_cloud

Action                   || total
-------------------------++-------
Melee: Whip              ||    43
       Kick              ||    13
 Fire: Hunting sling     ||  4103
       Greatsling        ||    55
Evoke: Wand              ||    18
       Sack of spiders   ||     4
  Use: Scroll            ||   105
       Potion            ||    39
  Eat: Fruit             ||     3
       Meat ration       ||     1
       Beef jerky        ||     1
Armor: Ring mail         ||   240
       Scale mail        ||    75
       Leather armour    ||     4
Dodge: Dodged            ||   381
Block: Buckler           ||   139

Table legend:
 A = Turns spent in this place as a percentage of turns spent in the entire game.
 B = Non-inter-level travel turns spent in this place as a percentage of non-inter-level travel turns spent in the entire game.
 C = Inter-level travel turns spent in this place as a percentage of turns spent in this place.
 D = Turns resting spent in this place as a percentage of non-inter-level travel turns spent in this place.
 E = Turns spent auto-exploring this place as a percentage of non-inter-level travel turns spent in this place.
 F = Non-inter-level travel turns spent in this place divided by the number of levels of this place that you've seen.
                   A       B       C       D       E      F
               +-------+-------+-------+-------+-------+----------------------
         Total | 100.0 | 100.0 |   0.4 |   0.7 |   8.7 | 380.0
       Dungeon |  34.1 |  34.1 |   0.4 |   0.8 |   7.8 | 518.5
        Temple |   0.2 |   0.2 |   2.8 |   0.0 |  74.3 |  35.0
          Lair |   9.5 |   9.5 |   0.8 |   1.3 |  10.1 | 359.5
        Shoals |   5.7 |   5.7 |   0.7 |   0.0 |   9.7 | 326.5
     Snake Pit |   4.0 |   4.0 |   0.8 |   0.2 |  18.4 | 226.0
  Orcish Mines |   1.2 |   1.2 |   1.8 |   0.0 |  16.2 | 135.5
        Vaults |   9.0 |   9.0 |   0.2 |   0.4 |  20.3 | 513.2
         Crypt |   2.1 |   2.1 |   0.0 |   0.0 |   0.0 | 158.0
          Tomb |  11.5 |  11.5 |   0.0 |   0.8 |   0.0 | 877.7
        Depths |   8.6 |   8.6 |   0.6 |   0.2 |  11.1 | 393.0
           Zot |   6.4 |   6.4 |   0.6 |   0.6 |  10.9 | 292.2
         Abyss |   2.3 |   2.3 |   0.0 |   0.0 |   0.0 | 106.2
     Labyrinth |   2.1 |   2.1 |   0.0 |   2.1 |   0.0 | 482.0
       Volcano |   0.9 |   0.9 |   0.0 |   4.5 |   0.0 | 200.0
        Wizlab |   2.4 |   2.4 |   0.0 |   0.0 |   1.1 | 552.0
               +-------+-------+-------+-------+-------+----------------------

Table legend:
 A = Kills in this place as a percentage of kills in entire the game.
 B = Kills by you in this place as a percentage of kills by you in the entire game.
 C = Kills by friends in this place as a percentage of kills by friends in the entire game.
 D = Other kills in this place as a percentage of other kills in the entire game.
 E = Experience gained in this place as a percentage of experience gained in the entire game.
 F = Experience gained in this place divided by the number of levels of this place that you have seen.
                   A       B       C       D       E      F
               +-------+-------+-------+-------+-------+----------------------
         Total | 100.0 | 100.0 | 100.0 | 100.0 |  -nan |   0.0
       Dungeon |  19.0 |  19.0 |  28.6 |   0.0 |  -nan |   0.0
          Lair |   6.4 |   6.4 |   0.0 |   0.0 |  -nan |   0.0
        Shoals |   7.3 |   7.3 |   0.0 |   0.0 |  -nan |   0.0
     Snake Pit |   6.9 |   7.0 |   0.0 |   0.0 |  -nan |   0.0
  Orcish Mines |   1.4 |   1.4 |   0.0 |   0.0 |  -nan |   0.0
        Vaults |   8.3 |   8.4 |   0.0 |   0.0 |  -nan |   0.0
         Crypt |   2.6 |   2.6 |   0.0 |   0.0 |  -nan |   0.0
          Tomb |  23.2 |  22.9 |  71.4 | 100.0 |  -nan |   0.0
        Depths |  11.4 |  11.5 |   0.0 |   0.0 |  -nan |   0.0
           Zot |   8.1 |   8.1 |   0.0 |   0.0 |  -nan |   0.0
         Abyss |   2.0 |   2.0 |   0.0 |   0.0 |  -nan |   0.0
     Labyrinth |   0.1 |   0.1 |   0.0 |   0.0 |  -nan |   0.0
       Volcano |   0.3 |   0.3 |   0.0 |   0.0 |  -nan |   0.0
        Wizlab |   3.1 |   3.1 |   0.0 |   0.0 |  -nan |   0.0
               +-------+-------+-------+-------+-------+----------------------
